AoeStats
← matheus_deves

Arena

506157410Analyzed
1v1 RM · 21d ago on Sep 12, 2026· 70m 39s· 2 players
Game mode
Random Map
Map size
Tiny (2 player)
Population
200
Speed
Normal
Resources
Standard
Victory
Conquest
Starting age
Dark Age
Ending age
Imperial Age
RankedLock teamsTeams togetherTeam positionsShared explorationLock speedFull tech treeHidden civsTurbo modeCheats
Victory
Defeat
🇲🇦 Portuguese · Morocco
501
+14
🇧🇷 Maya · Brazil
452
-21
matheus_deves
5:42 Loom
9:06 Feudal Age
9:51 Double-Bit Axe
13:05 Horse Collar
17:43 Wheelbarrow
19:56 Gold Mining
20:50 Forging
23:43 Castle Age
24:20 Crossbowman
24:28 Pikeman
27:55 Bow Saw
28:03 Eagle Warrior
33:48 Iron Casting
33:14 Scale Mail Armor
33:51 Hand Cart
36:52 Hul'che Javelineers
37:33 Squires
38:31 Chain Mail Armor
38:21 Padded Archer Armor
42:21 Imperial Age
40:20 Fletching
42:07 Leather Archer Armor
44:02 Capped Ram
45:45 Guard Tower
46:15 Ballistics
46:56 Chemistry
45:49 Heated Shot
46:16 Elite Skirmisher
46:18 Arbalester
46:26 Halberdier
51:46 Siege Ram
51:53 Elite Eagle Warrior
54:30 Two-Man Saw
54:20 Town Watch
65:39 Onager
Tonpa-HxH
7:37 Loom
10:12 Feudal Age
10:38 Double-Bit Axe
10:34 Horse Collar
18:12 Castle Age
16:37 Stone Mining
17:03 Gold Mining
18:02 Wheelbarrow
17:13 Town Watch
19:36 Bow Saw
20:01 Scale Mail Armor
20:13 Forging
20:09 Scale Barding Armor
20:51 Husbandry
27:25 Heavy Plow
29:01 Stone Shaft Mining
28:41 Bloodlines
33:23 Imperial Age
31:35 Chain Barding Armor
31:52 Iron Casting
34:25 Ballistics
35:07 Chemistry
34:03 Murder Holes
34:58 Conscription
35:29 Hand Cart
35:16 Town Patrol
36:23 Two-Man Saw
36:50 Arquebus
36:36 Treadmill Crane
37:08 Fortified Wall
37:43 Cavalier
39:01 Plate Barding Armor
39:27 Blast Furnace
38:43 Masonry
39:20 Crop Rotation
39:23 Elite Organ Gun
41:20 Bombard Tower
43:56 Siege Engineers
44:21 Architecture
43:39 Light Cavalry
45:56 Circumnavigation
45:36 Sappers
48:39 Onager
48:39 Capped Ram
49:22 Spies/Treason
52:06 Guard Tower
53:42 Scale Mail Armor
53:43 Padded Archer Armor
53:33 Fletching
54:34 Devotion
54:55 Heresy
55:45 Keep
55:08 Bodkin Arrow
55:29 Leather Archer Armor
55:29 Chain Mail Armor
Connection lost

Rejoining the realm…

Still unreachable

The connection could not be restored.

Session expired

The server has moved on; the page needs a fresh start.